 Dungeon Crawl Stone Soup version 0.21.0 (webtiles) character file.

308 mortelune the Cudgeler (level 6, -1/39 HPs)
             Began as a Gargoyle Fighter on Jan 5, 2018.
             Slain by a gnoll
             ... wielding a +0 halberd
              (10 damage)
             ... on level 5 of the Dungeon.
             The game lasted 00:07:55 (3574 turns).

mortelune the Cudgeler (Gargoyle Fighter)           Turns: 3574, Time: 00:07:56

Health: -1/39      AC: 14    Str: 21    XL:     6   Next: 40%
Magic:  6/6        EV:  7    Int:  9    God:
Gold:   165        SH:  9    Dex:  9    Spells: 3/5 levels left

rFire    . . .     SeeInvis .   y - +0 morningstar
rCold    + . .     Gourm    .   c - +0 shield
rNeg     + . .     Faith    .   b - +0 scale mail
rPois    ∞         Spirit   .   (no helmet)
rElec    +         Reflect  .   (no cloak)
rCorr    .         Harm     .   w - +0 pair of gloves
MR       .....                  n - +0 pair of boots (curse)
Stlth    ..........             (no amulet)
HPRegen  0.13/turn              i - ring of protection from cold
MPRegen  0.10/turn              (no ring)

@: no status effects
A: negative energy resistance 1, electricity resistance, unbreathing,
petrification resistance, rot immunity, AC +4
a: no special abilities


You were on level 5 of the Dungeon.
You were hungry.

You visited 1 branch of the dungeon, and saw 5 of its levels.

You collected 165 gold pieces.

Inventory:

Hand Weapons
 a - a +0 flail
 q - a +2 whip of venom
 y - a +0 morningstar (weapon)
Missiles
 h - 102 stones (quivered)
Armour
 b - a +0 scale mail (worn)
 c - a +0 shield (worn)
 n - a cursed +0 pair of boots (worn)
 w - a +0 pair of gloves (worn)
 z - a +0 scale mail
Jewellery
 i - a ring of protection from cold (left hand)
 v - an uncursed amulet of guardian spirit {unknown}
Scrolls
 g - a scroll of enchant armour {unknown}
 j - 3 scrolls of identify {unknown}
 k - a scroll of magic mapping {unknown}
 l - 2 scrolls of immolation {unknown}
 p - a scroll of remove curse {unknown}
Potions
 d - a potion of might
 e - a potion of cancellation {unknown}
 m - 4 potions of brilliance {unknown}
 o - a potion of heal wounds {unknown}
 s - a potion of lignification {unknown}
 u - a potion of agility {unknown}
 x - a potion of flight {unknown}
 A - a potion of haste {unknown}
 B - a potion of mutation {unknown}
Books
 r - a book of Minor Magic

   Spells                             Type                      Level
   a - Magic Dart                     Conjuration                  1
   b - Blink                          Translocation                2
   c - Call Imp                       Summoning                    2
   d - Slow                           Hexes                        2
   e - Conjure Flame                  Conjuration/Fire             3
   f - Mephitic Cloud                 Conjuration/Poison/Air       3
Comestibles
 f - 6 rations
 t - 6 chunks of flesh


   Skills:
 + Level 4.7 Fighting
 * Level 4.8 Maces & Flails
 + Level 4.7 Armour
 - Level 3.2 Shields


You had 3 spell levels left.
You knew the following spells:

 Your Spells              Type           Power        Failure   Level  Hunger
a - Blink                 Tloc           N/A          100%        2    ###....


Dungeon Overview and Level Annotations

Branches:
Dungeon (4/15)
 Temple: D:4-7

Altars:
Kikubaaqudgha
Vehumet


Innate Abilities, Weirdness & Mutations

You are resistant to torment.
Your stone body is resilient. (AC +4)
You are immune to poison.
You resist negative energy. (rN+)
You are resistant to electric shocks. (rElec)
You can survive without breathing.
You are immune to petrification.
You are immune to rotting.


Message History

The gnoll barely misses you.
Your shield and scale mail prevent you from hitting the gnoll.
The gnoll hits you from afar with a halberd.
You block the gnoll's attack. The gnoll hits you but does no damage.
You barely miss the gnoll. The gnoll barely misses you.
The gnoll hits you from afar with a halberd.
You closely miss the gnoll. The gnoll barely misses you.
The gnoll hits you from afar with a halberd.
You barely miss the gnoll. The gnoll hits you with a halberd.
The gnoll hits you but does no damage.
You closely miss the gnoll. The gnoll barely misses you.
The gnoll hits you from afar with a halberd.
The gnoll hits you but does no damage.
You barely miss the gnoll. The gnoll barely misses you. x2
You block the gnoll's attack.
Your scale mail prevents you from hitting the gnoll.
The gnoll hits you with a halberd!
* * * LOW HITPOINT WARNING * * *
The gnoll hits you from afar with a halberd!
You die...

##.#.######
#........# #..
##.#####.####...
...............####
##
####.####.####.#...
.. .# #.# #.... ..#
.# #.# #...# .. .#
#)# #...##.### .#
#.# #..@.#...##
#.####g##g.....#
#..............##
######...........
#...........
#...........
#...........
#...........
#...........


You could see 2 gnolls.

Vanquished Creatures
  A scorpion (D:2)
  A howler monkey (D:3)
  A hound (D:3)
  Ijyb (D:3)
  A worker ant (D:2)
  6 adders
  A shadow imp (D:5)
  An ooze (D:2)
  4 worms
  A dart slug (D:1)
  5 orcs
  5 ball pythons
  8 bats
  3 giant cockroaches
  9 hobgoblins
  4 jackals (D:2)
  A quokka (D:3)
  2 frilled lizards
  5 goblins
  7 kobolds
  5 rats
72 creatures vanquished.

Vanquished Creatures (others)
  An adder (D:2)
  A hobgoblin (D:2)
2 creatures vanquished.

Grand Total: 74 creatures vanquished

Notes
Turn   | Place    | Note
-------+----------+-------------------------------------------
     0 | D:1      | mortelune the Gargoyle Fighter began the quest for the Orb.
     0 | D:1      | Reached XP level 1. HP: 14/14 MP: 1/1
   181 | D:1      | Reached XP level 2. HP: 19/19 MP: 2/2
   853 | D:1      | Reached XP level 3. HP: 23/23 MP: 3/3
  1215 | D:2      | Reached XP level 4. HP: 20/29 MP: 4/4
  1324 | D:2      | Found a radiant altar of Vehumet.
  1616 | D:2      | Reached XP level 5. HP: 15/33 MP: 5/5
  2090 | D:2      | Found an ancient bone altar of Kikubaaqudgha.
  2578 | D:3      | Learned a level 2 spell: Blink
  2725 | D:3      | Noticed Ijyb
  2756 | D:3      | Killed Ijyb
  2756 | D:3      | Reached XP level 6. HP: 36/39 MP: 6/6
  3463 | D:4      | You fall through a shaft!
  3463 | D:5      | Entered Level 5 of the Dungeon
  3574 | D:5      | Slain by a gnoll

Skill      XL: |  1  2  3  4 |
---------------+-------------+-----
Maces & Flails | 3 4 |  4.8
Fighting       | 4 |  4.7
Armour         | 4 |  4.7
Shields        | |  3.2

Action                   |  1- 3 |  4- 6 || total
-------------------------+-------+-------++-------
Melee: Flail             |   164 |   236 ||   400
       Morningstar       |       |    47 ||    47
  Eat: Chunk             |     1 |     8 ||     9
Armor: Scale mail        |   123 |   187 ||   310
Dodge: Dodged            |    90 |   107 ||   197
Block: Shield            |    93 |   192 ||   285
